 Dungeon Crawl Stone Soup version 0.26-a0-651-gb41185065b (webtiles) character file.

Game seed: 4125520521472054748

963 Inarius the Cleaver (level 7, 0/61 HPs)
             Began as a Pale Draconian Chaos Knight on Oct 1, 2020.
             Was a Plaything of Xom.
             Slain by an orc wizard
             ... wielding a +0 dagger
              (3 damage)
             ... on level 5 of the Dungeon.
             The game lasted 00:04:35 (3650 turns).

Inarius the Cleaver (Pale Draconian Chaos Knight)   Turns: 3650, Time: 00:04:35

Health: 0/61       AC:  6    Str: 16    XL:     7   Next: 92%
Magic:  7/7        EV: 13    Int: 12    God:    Xom [.*....]
Gold:   209        SH:  0    Dex: 13    Spells: 6/6 levels left

rFire    . . .     SeeInvis .   u - +3 executioner's axe
rCold    . . .     Faith    .   (shield currently unavailable)
rNeg     . . .     Spirit   .   (armour unavailable)
rPois    .         Reflect  .   (helmet restricted)
rElec    .         Harm     .   (no cloak)
rCorr    .         Rampage  .   (no gloves)
MR       .....                  (no boots)
Stlth    ++........             m - amulet of regeneration
HPRegen  0.60/turn              j - ring of wizardry
MPRegen  0.10/turn              g - +6 ring of dexterity

@: no status effects
A: breathe steam, unfitting armour, clumsy 2, wild magic 1, cold-blooded, AC +6
a: Breathe Steam, Renounce Religion


You were on level 5 of the Dungeon.
You worshipped Xom.
You were a plaything of Xom.
You visited 1 branch of the dungeon, and saw 5 of its levels.

You collected 209 gold pieces.

Inventory:

Hand Weapons
 a - a +0 hand axe of chaos
 s - a +0 war axe
 u - a +3 executioner's axe (weapon)
Armour
 r - a +0 buckler
Jewellery
 g - a +6 ring of dexterity (right hand)
 j - a ring of wizardry (left hand)
 m - an amulet of regeneration (around neck)
 o - an uncursed ring of wizardry
 t - an uncursed ring of ice
Scrolls
 b - 3 scrolls of identify
 c - 2 scrolls of enchant weapon
 d - a scroll of fog {unknown}
 e - a scroll of magic mapping
 f - 3 scrolls of teleportation
 h - 3 scrolls of amnesia {unknown}
 i - 2 scrolls of immolation {unknown}
 k - 4 scrolls of enchant armour
 l - a scroll of random uselessness {unknown}
 q - 3 scrolls of remove curse {unknown}
Potions
 n - a potion of ambrosia {unknown}
 p - a potion of flight {unknown}
 v - a potion of brilliance {unknown}
 w - a potion of curing


   Skills:
 + Level 5.1 Fighting
 * Level 8.2 Axes
 + Level 3.3 Dodging
 + Level 1.4 Stealth
 + Level 0.5 Shields


You had 6 spell levels left.
You didn't know any spells.
Your spell library was empty.

Dungeon Overview and Level Annotations

Branches:
Dungeon (5/15)             Temple (0/1) D:5

Altars:
Ashenzari
Gozag
Nemelex Xobeh

Shops:
D:3 *

Annotations:
Abyss:1 Natasha


Innate Abilities, Weirdness & Mutations

You can breathe blasts of scalding, opaque steam.
Your pale cyan-grey scales are hard. (AC +6)
You cannot fit into any form of body armour.
You are cold-blooded and may be slowed by cold attacks.
You are very clumsy. (Dex -4)
Your spells are a little harder to cast, but a little more powerful.


Message History

The gnoll hits you but does no damage. The orc wizard barely misses you.
The gnoll hits you from afar with a +0 halberd.
You closely miss the orc wizard.
The orc wizard hits you but does no damage.
The gnoll hits you from afar with a +0 halberd!
* * * LOW HITPOINT WARNING * * *
You hit the orc wizard but do no damage.
You tail-slap the orc wizard.
The orc wizard is lightly wounded.
The orc wizard looks satisfied for a moment.
The gnoll misses you. The orc wizard closely misses you.
You barely miss the orc wizard.
The orc wizard is lightly wounded.
Xom makes a sudden noise!
You hear a voice calling your name.
The gnoll hits you from afar with a +0 halberd!
* * * LOW HITPOINT WARNING * * *
Xom thinks this is hilarious!
The orc wizard barely misses you.
The orc wizard hits you with a +0 dagger.
You die...

.### #..##........#
#()......
.#####............#
#.#....##
........##...######****
########* ..##....###..#
*,,,,# **,,,,,
.....#######.# *,,,.#
*8,,∩,,
.........###.#****,,..#
**,,,,,
....####...#.#*,,,,...#
***,** ....*
**#...#####....# *,*
..,,*
##....(@og>..#*******∩**
.,,,*
########o.....,,,,,,,,,
,,,** *,.....,,,,,,,,,
,,** *,,....,,,,,,,,,
*** *,,,...,,,******
*****##****


You could see an orc wizard, a gnoll and an orc.

Vanquished Creatures
  Eustachio (D:5)
  Duvessa (D:5)
  An ice beast (D:5)
  A centaur (D:5)
  Blork the orc (D:5)
  Dowan (D:5)
  A hound (D:4)
  A gnoll shaman (D:4)
  An orc priest (D:5)
  Jessica (D:2)
  2 orc wizards (D:3)
  2 worker ants
  5 gnolls
  2 adders
  An ooze (D:2)
  3 worms
  2 dart slugs
  2 leopard geckos
  13 orcs
  A giant cockroach (D:3)
  15 goblins
  11 hobgoblins
  4 jackals
  5 kobolds
  2 quokkas
  14 bats
  5 frilled lizards
  A leopard gecko skeleton (D:4)
  3 rats
103 creatures vanquished.

Notes
Turn   | Place    | Note
-------+----------+-------------------------------------------
     0 | D:1      | Inarius the Draconian Chaos Knight began the quest for the
                  | Orb.
     0 | D:1      | Reached XP level 1. HP: 19/19 MP: 1/1
    88 | D:1      | XOM: divination: magic mapping
    94 | D:1      | Reached XP level 2. HP: 25/26 MP: 2/2
   269 | D:1      | XOM: silly message
   277 | D:1      | XOM: silly message
   517 | D:1      | XOM: give mutations
   517 | D:1      | Gained mutation: Your spells are a little harder to cast,
                  | but a little more powerful. [Xom's mischief]
   517 | D:1      | Gained mutation: You are clumsy. (Dex -2) [Xom's mischief]
   517 | D:1      | Gained mutation: You are very clumsy. (Dex -4) [Xom's
                  | mischief]
   652 | D:2      | Reached XP level 3. HP: 30/31 MP: 3/3
   737 | D:2      | Noticed Jessica
   742 | D:2      | Killed Jessica
   742 | D:2      | Reached skill level 4 in Axes
   747 | D:2      | Reached XP level 4. HP: 40/40 MP: 4/4
   756 | D:2      | Noticed Natasha
   769 | D:2      | Banished Natasha
   931 | D:2      | XOM: summons 3 hostile shadow creatures
  1081 | D:2      | XOM: silly message
  1250 | D:2      | XOM: noise
  1287 | D:3      | Reached XP level 5. HP: 33/47 MP: 5/5
  1320 | D:2      | HP: 2/47 [poisoned by an orc]
  1344 | D:2      | XOM: silly message
  1494 | D:2      | XOM: divination: magic mapping
  1766 | D:3      | Found Gozag's Platinum Reserve.
  1909 | D:3      | Found an opulent altar of Gozag.
  2054 | D:3      | Reached skill level 5 in Axes
  2562 | D:3      | XOM: god gift: 42 gold pieces
  2849 | D:4      | Found a broken altar of Ashenzari.
  2900 | D:4      | XOM: god gift: runed executioner's axe {god gift}
  3036 | D:4      | XOM: silly message
  3109 | D:4      | Reached skill level 1 in Stealth
  3109 | D:4      | Reached XP level 6. HP: 30/53 MP: 6/6
  3465 | D:4      | XOM: divination: detect items
  3527 | D:5      | Entered Level 5 of the Dungeon
  3551 | D:5      | Found a sparkling altar of Nemelex Xobeh.
  3551 | D:5      | XOM: 3-stop teleportation journey
  3569 | D:5      | Reached skill level 6 in Axes
  3578 | D:5      | Noticed Blork the orc
  3579 | D:5      | Noticed an ice beast
  3583 | D:5      | Noticed Eustachio
  3584 | D:5      | Killed an ice beast
  3589 | D:5      | Killed Blork the orc
  3589 | D:5      | Your scales start taking on a pale cyan-grey colour.
  3589 | D:5      | Reached XP level 7. HP: 19/60 MP: 7/7
  3591 | D:5      | Reached skill level 7 in Axes
  3592 | D:5      | Killed Eustachio
  3628 | D:5      | Noticed Duvessa
  3628 | D:5      | Noticed Dowan
  3634 | D:5      | Killed Duvessa
  3634 | D:5      | Reached skill level 5 in Fighting
  3634 | D:5      | Reached skill level 8 in Axes
  3644 | D:5      | Killed Dowan
  3650 | D:5      | XOM: noise
  3650 | D:5      | HP: 3/61 [gnoll/+0 halberd (15)]
  3650 | D:5      | Slain by an orc wizard

Illustrated notes

Levels and vault maps discovered:
D:1:      lemuel_arrival_hallway, layout_rooms
D:2:      layout_rooms, serial_park_tiny_1, st_stairs_9, uniq_jessica,
          uniq_natasha
D:3:      layout_basic, nicolae_gozag_zags_fifth_avenue,
          minmay_goblin_kobold_house
D:4:      layout_layer_cave, serial_glass, glass_columns_a, glass_columns_a,
          glass_columns_c, glass_columns_b, glass_columns_a, glass_columns_b,
          glass_columns_b, glass_columns_a, glass_columns_a, glass_columns_b,
          glass_columns_a, glass_columns_a, glass_columns_a, glass_columns_c,
          cheibrodos_ashenzari_chains
D:5:      layout_rooms, minmay_temple_entry_arrows, chequers_ossuary_entry_cave,
          nemelex_xobeh_ov_fountains_minmay, uniq_blork_the_orc, uniq_eustachio,
          uniq_grinder, uniq_duvessa

Skill      XL: |  1  2  3  4  5  6  7 |
---------------+----------------------+-----
Axes           | 4 5 6 8 |  8.2
Fighting       | 4 5 |  5.1
Stealth        | 1 |  1.4
Dodging        | 3 |  3.3
Shields        | |  0.5

Action                   |  1- 3 |  4- 6 |  7- 9 || total
-------------------------+-------+-------+-------++-------
Melee: Hand axe          |    74 |   121 |       ||   195
       Tailslap          |     5 |    28 |     2 ||    35
       War axe           |       |    17 |       ||    17
       Executioner's axe |       |    50 |    17 ||    67
 Abil: Breathe Steam     |       |       |     1 ||     1
  Use: Potion            |       |     1 |       ||     1
       Scroll            |       |     5 |       ||     5
 Stab: Petrified         |       |     1 |       ||     1
       Confused          |       |     2 |       ||     2
Armor: Skin              |    31 |    67 |     6 ||   104
Dodge: Dodged            |    50 |   145 |    25 ||   220
Block: Buckler           |       |     9 |       ||     9

Table legend: (Time is in decaauts)
 A = Elapsed time spent in this place.
 B = Non-inter-level travel time spent in this place.
 C = Inter-level travel time spent in this place.
 D = Time resting spent in this place.
 E = Time spent auto-exploring this place.
 F = Levels seen in this place.
 G = Mean time per level.
                   A        B        C        D        E       F      G
               +--------+--------+--------+--------+--------+-----+--------+
         Total |   3716 |   3607 |    109 |    657 |   2193 |   5 |  743.2 |
       Dungeon |   3716 |   3607 |    109 |    657 |   2193 |   5 |  743.2 |
               +--------+--------+--------+--------+--------+-----+--------+

Top non-repeatable levels by time:
     D:3: 1260 daAuts
     D:2: 961 daAuts
     D:4: 705 daAuts
     D:1: 647 daAuts
     D:5: 142 daAuts
